 Dungeon Crawl Stone Soup version 0.22.1-1-ga44c0e56f4 (webtiles) character file.

29092 StLion the Warrior (level 13, -7/134 HPs)
             Began as a Minotaur Berserker on Oct 29, 2018.
             Was a High Priest of Trog.
             Mangled by an orc sorcerer
             ... wielding a +0 dagger
              (8 damage)
             ... on level 2 of the Orcish Mines.
             The game lasted 00:58:18 (15383 turns).

StLion the Warrior (Minotaur Berserker)            Turns: 15383, Time: 00:58:19

Health: -7/134     AC: 30    Str: 24    XL:     13   Next: 13%
Magic:  12/12      EV: 13    Int:  5    God:    Trog [*****.]
Gold:   932        SH:  4    Dex: 12    Spells: 12/12 levels left

rFire    + . .     SeeInvis .   P - +7 great mace (protect)
rCold    . . .     Gourm    .   (shield currently unavailable)
rNeg     . . .     Faith    .   w - +3 plate armour {rF+}
rPois    .         Spirit   .   (helmet restricted)
rElec    .         Reflect  +   r - +0 cloak
rCorr    .         Harm     .   T - +0 pair of gloves
MR       .....                  M - +1 pair of boots {Stlth+}
Stlth    ..........             z - +4 amulet of reflection
HPRegen  0.32/turn              d - +5 ring of evasion
MPRegen  0.13/turn              o - +2 ring of dexterity

@: protection aura, berserk cooldown, slowed, drained, very slow
A: retaliatory headbutt, horns 2, clumsy 1
a: Berserk, Trog's Hand, Brothers in Arms, Renounce Religion


You were on level 2 of the Orcish Mines.
You worshipped Trog.
Trog was extremely pleased with you.
You were near starving.

You visited 4 branches of the dungeon, and saw 17 of its levels.

You collected 932 gold pieces.

Inventory:

Hand Weapons
 C - a +2 dire flail of protection
 P - a +7 great mace of protection (weapon)
 Y - a +2 battleaxe of freezing
Missiles
 q - 3 throwing nets (quivered)
 L - 3 exploding tomahawks
Armour
 a - a +3 plate armour of cold resistance
 b - a +0 animal skin
 j - a +0 scale mail
 r - a +0 cloak (worn)
 w - a +3 plate armour of fire resistance (worn)
 F - a +0 pair of boots
 H - the +3 scale mail "Fexeicuk" {Str+2}
   (You found it on level 7 of the Dungeon)

   It affects your strength (+2).
 K - a +1 shield of reflection
 M - a +1 pair of boots of stealth (worn)
 T - a +0 pair of gloves (worn)
Jewellery
 d - a +5 ring of evasion (left hand)
 n - a +2 amulet of reflection
 o - a +2 ring of dexterity (right hand)
 s - a cursed -2 ring of strength
 z - a +4 amulet of reflection (around neck)
 I - an uncursed ring of see invisible
 O - an uncursed ring of magical power
 V - an uncursed ring of positive energy
Wands
 p - a wand of random effects (42)
 t - a wand of digging (22)
 B - a wand of flame (53)
 Q - a wand of acid (6)
 S - a wand of paralysis (18)
 U - a wand of scattershot (6)
 W - a wand of iceblast (13)
 X - a wand of enslavement (16)
Scrolls
 i - a scroll of magic mapping
 k - a scroll of fear
 y - 2 scrolls of identify
 J - a scroll of enchant weapon
 N - 3 scrolls of remove curse
 Z - 2 scrolls of blinking
Potions
 h - 2 potions of resistance {unknown}
 l - 4 potions of lignification
 m - 2 potions of brilliance {unknown}
 u - 2 potions of flight {unknown}
 v - a potion of ambrosia {unknown}
 x - 4 potions of agility
 A - 3 potions of berserk rage
 D - 4 potions of might
 E - a potion of cancellation {unknown}
Comestibles
 c - 23 rations


   Skills:
 - Level 17.7(16.9) Fighting
 - Level 15.0(14.2) Maces & Flails
 + Level 11.6(10.8) Armour
 - Level 2.5(2.0) Dodging
 - Level 0.1(0.0) Stealth


You had 12 spell levels left.
You didn't know any spells.
Your spell library was empty.

Dungeon Overview and Level Annotations

Branches:
Dungeon (11/15)            Temple (0/1) D:5            Lair (3/6) D:11
 Shoals (0/4) Lair:3       Spider (0/4) Lair:3          Orc (2/2) D:11
    Elf (1/3) Orc:2

Altars:
Cheibriados
Elyvilon
Hepliaklqana
Qazlal
Sif Muna
Uskayaw
Vehumet
Xom
Yredelemnul
Zin
Beogh
Lugonu

Shops:
D:5 :   D:9 }   Orc:2 [

Annotations:
D:7 1 transporter
Lair:1 1 runed door, konokrad666's ghost, novice DECj


Innate Abilities, Weirdness & Mutations

You reflexively headbutt those who attack you in melee.
You have a pair of horns on your head.
You are clumsy. (Dex -2)


Message History

The iron imp disappears in a puff of smoke!
You block the warg's attack.
The orc knight roars a battlecry!
The orcs go into a battle-frenzy!
The soul eater draws from the surrounding life force!
* * * LOW HITPOINT WARNING * * *
The warg barely misses you.
The orc sorcerer gestures wildly while chanting.
You sock the orc warrior!
The orc warrior is moderately wounded.
The warg closely misses you. You furiously retaliate!
You headbutt the warg.
The orc sorcerer gestures at you while chanting.
The bolt of negative energy hits you!
You feel drained.
* * * LOW HITPOINT WARNING * * *
The orc warrior misses you.
The deep elf mage mumbles some strange words.
The deep elf mage blinks!
The orange demon stings you but does no damage.
The orc sorcerer hits you with a dagger!
You die...

......##....{........
......#......o.......
...#...#..§..oo.#...
............o#3##
.....#...§§#.###
...........34.##
......E...5h.4#
......#.##oo##
#.....###.@o# #....
##.## # ###


You could see an orc knight, a soul eater, an orange demon, a ynoxinul, a warg,
2 orc sorcerers, a red devil, 3 orc warriors, an orc and an ufetubus.

Vanquished Creatures
  An orc warlord (D:11)
  2 ettins
  3 hydras
  An orc knight (Orc:1)
  Pikel (D:7)
  A cyclops (D:11)
  An orc sorcerer (Orc:1)
  6 deep elf magi
  2 manticores (D:11)
  4 spiny frogs
  2 kobold demonologists (D:11)
  3 komodo dragons
  3 jumping spiders (Lair:3)
  6 trolls
  4 blink frogs (Lair:2)
  A snapping turtle (Lair:3)
  3 hippogriffs
  4 redbacks (Lair:3)
  A spriggan (D:7)
  14 yaks
  A basilisk (Lair:3)
  Eustachio (D:5)
  Grum (D:8)
  2 wyverns
  2 wargs
  3 water moccasins
  3 porcupines (Lair:2)
  Duvessa (D:7)
  A slave (D:7)
  14 orc warriors
  A sky beast (D:10)
  5 ice beasts
  A swamp drake (D:11)
  A black bear (D:8)
  2 necrophages
  9 ogres
  A phantom (D:6)
  9 wolves
  9 centaurs
  5 crocodiles
  3 big kobolds (D:11)
  8 bullfrogs
  Dowan (D:7)
  2 scorpions
  15 killer bees
  5 electric eels
  5 wights (D:9)
  3 howler monkeys
  4 crimson imps
  A quasit (D:9)
  2 centaur zombies
  5 hounds
  An iron imp (D:8)
  A jelly (D:11)
  17 orc priests
  13 orc wizards
  2 centaur skeletons (D:9)
  5 worker ants
  An iguana (D:6)
  2 hound skeletons (D:11)
  A worker ant zombie (D:8)
  8 gnolls
  13 adders
  2 howler monkey skeletons
  2 shadow imps
  An ooze (D:1)
  A worm (D:3)
  13 dart slugs
  9 leopard geckos
  58 orcs
  10 bats
  13 giant cockroaches
  6 goblins
  7 hobgoblins
  16 jackals
  9 kobolds
  5 quokkas
  3 frilled lizards
  A leopard gecko zombie (D:6)
  2 quokka skeletons
  2 quokka zombies
  5 rats
418 creatures vanquished.

Vanquished Creatures (others)
  An orc high priest (Orc:1)
  2 orcs (D:8)
  2 fungi (Orc:2)
  18 plants (D:11)
23 creatures vanquished.

Grand Total: 441 creatures vanquished

Notes
Turn   | Place    | Note
-------+----------+-------------------------------------------
     0 | D:1      | StLion the Minotaur Berserker began the quest for the Orb.
     0 | D:1      | Reached XP level 1. HP: 19/19 MP: 0/0
   110 | D:1      | Reached XP level 2. HP: 25/27 MP: 1/1
   140 | D:1      | Reached skill level 4 in Fighting
   457 | D:1      | Reached XP level 3. HP: 33/33 MP: 2/2
   739 | D:2      | Found a faded altar of an unknown god.
   756 | D:2      | Reached skill level 5 in Maces & Flails
   805 | D:2      | Reached XP level 4. HP: 40/41 MP: 3/3
   813 | D:2      | Reached ** piety under Trog
   816 | D:2      | Reached skill level 5 in Fighting
   920 | D:2      | Found a radiant altar of Vehumet.
  1155 | D:2      | Reached XP level 5. HP: 48/48 MP: 4/4
  1876 | D:3      | Found a roughly hewn altar of Beogh.
  1879 | D:3      | Reached XP level 6. HP: 56/56 MP: 5/5
  1888 | D:3      | Reached *** piety under Trog
  2498 | D:4      | Reached XP level 7. HP: 61/61 MP: 6/6
  3031 | D:5      | Entered Level 5 of the Dungeon
  3064 | D:5      | Noticed Eustachio
  3119 | D:5      | Killed Eustachio
  3239 | D:5      | Found a staircase to the Ecumenical Temple.
  3511 | D:5      | Reached skill level 10 in Maces & Flails
  3835 | D:5      | Reached **** piety under Trog
  3835 | D:5      | Reached XP level 8. HP: 68/68 MP: 7/7
  4114 | D:5      | Found Loih's Book Boutique.
  4907 | D:6      | Found a hide-covered altar of Uskayaw.
  5321 | D:6      | Reached XP level 9. HP: 74/74 MP: 8/8
  5495 | D:6      | Found a hazy altar of Hepliaklqana.
  5524 | D:6      | Found a deep blue altar of Sif Muna.
  5707 | D:7      | Noticed Duvessa
  5707 | D:7      | Noticed Dowan
  5741 | D:7      | Got a brightly glowing scale mail
  5765 | D:7      | Killed Duvessa
  5777 | D:7      | Killed Dowan
  5777 | D:7      | Reached ***** piety under Trog
  5890 | D:7      | Noticed Pikel
  5903 | D:7      | Killed Pikel
  5979 | D:7      | Found a corrupted altar of Lugonu.
  6043 | D:7      | Found a transporter.
  6099 | D:7      | You fall through a shaft!
  6210 | D:7      | You fall through a shaft!
  6219 | D:8      | Reached skill level 15 in Maces & Flails
  6247 | D:8      | Noticed Grum
  6254 | D:8      | Reached skill level 6 in Fighting
  6717 | D:8      | Reached skill level 7 in Fighting
  6763 | D:8      | Found a stormy altar of Qazlal.
  6829 | D:8      | Reached XP level 10. HP: 88/88 MP: 9/9
  6889 | D:8      | Reached skill level 8 in Fighting
  6893 | D:8      | Killed Grum
  6984 | D:8      | Found a snail-covered altar of Cheibriados.
  7154 | D:9      | Found a white marble altar of Elyvilon.
  7222 | D:9      | Reached skill level 9 in Fighting
  7244 | D:9      | Found Mueqarec's Gadget Emporium.
  7733 | D:9      | Received a gift from Trog
  7751 | D:9      | Reached skill level 10 in Fighting
  7836 | D:9      | Found a shimmering altar of Xom.
  7996 | D:9      | Reached skill level 11 in Fighting
  8258 | D:9      | Found a glowing silver altar of Zin.
  8258 | D:9      | Found a basalt altar of Yredelemnul.
  8374 | D:10     | Entered Level 10 of the Dungeon
  8608 | D:10     | Reached skill level 12 in Fighting
  9210 | D:11     | Reached XP level 11. HP: 81/106 MP: 10/10
  9309 | D:11     | Found a staircase to the Lair.
  9568 | D:11     | Reached skill level 13 in Fighting
  9655 | D:11     | Got a smoking arbalest
  9912 | D:11     | Identified the +3 scale mail "Fexeicuk" {Str+2} (You found
                  | it on level 7 of the Dungeon)
  9912 | D:11     | Noticed a five-headed hydra
  9921 | D:11     | Killed a five-headed hydra
  9921 | D:11     | Reached skill level 14 in Fighting
 10055 | D:11     | Received a gift from Trog
 10080 | D:11     | Found a staircase to the Orcish Mines.
 10982 | Lair:1   | Entered Level 1 of the Lair of Beasts
 11035 | Lair:1   | Noticed a six-headed hydra
 11041 | Lair:1   | Killed a six-headed hydra
 11041 | Lair:1   | Reached skill level 15 in Fighting
 11421 | Lair:1   | Found a runed door.
 11429 | Lair:1   | Noticed konokrad666's ghost (novice DECj)
 11545 | Lair:1   | Noticed a seven-headed hydra
 11552 | Lair:1   | Killed a seven-headed hydra
 11729 | Lair:2   | Reached skill level 16 in Fighting
 11929 | Lair:2   | Reached XP level 12. HP: 83/124 MP: 11/11
 12503 | Lair:3   | Reached skill level 17 in Fighting
 12565 | Lair:3   | Received a gift from Trog
 12753 | Lair:3   | Found a hole to the Spider Nest.
 13243 | Lair:3   | Found a staircase to the Shoals.
 13763 | Orc:1    | Entered Level 1 of the Orcish Mines
 13766 | Orc:1    | Noticed an ettin
 13783 | D:11     | Killed an ettin
 14113 | Orc:1    | Noticed an orc warlord
 14171 | D:11     | Killed an orc warlord
 14520 | Orc:1    | Reached ****** piety under Trog
 14552 | Orc:1    | Received a gift from Trog
 14558 | Orc:1    | Reached skill level 10 in Armour
 14901 | Orc:1    | Noticed an orc high priest
 14902 | Orc:1    | Reached XP level 13. HP: 134/134 MP: 12/12
 14923 | Orc:2    | Entered Level 2 of the Orcish Mines
 14928 | Orc:2    | Found Uhaxyon's Antique Armour Shoppe.
 14928 | Orc:2    | Noticed an orc warlord
 14928 | Orc:2    | Noticed an ettin
 14932 | Orc:2    | Found a staircase to the Elven Halls.
 14940 | Orc:2    | HP: 3/134 [warg[an orc knight] (11)]
 14941 | Elf:1    | Entered Level 1 of the Elven Halls
 15366 | Orc:2    | Killed an ettin
 15370 | Orc:2    | Gained mutation: You are clumsy. (Dex -2) [a neqoxec]
 15383 | Orc:2    | HP: 1/134 [orc sorcerer/bolt of negative energy (27)]
 15383 | Orc:2    | Mangled by an orc sorcerer

Skill      XL: |  1  2  3  4  5  6  7  8  9 10 11 12 13 |
---------------+----------------------------------------+-----
Maces & Flails | 4 5 6 8 10 13 15 | 15.0
Fighting       | 4 5 7 12 16 17 | 17.7
Armour         | 3 10 11 | 11.6
Dodging        | |  2.5
Stealth        | |  0.1

Action                   |  1- 3 |  4- 6 |  7- 9 | 10-12 | 13-15 || total
-------------------------+-------+-------+-------+-------+-------++-------
Melee: Mace              |    58 |   115 |   160 |     2 |       ||   335
       Headbutt          |     8 |    16 |    62 |    98 |     9 ||   193
       Dire flail        |       |       |   158 |    63 |       ||   221
       Great mace        |       |       |       |   437 |    30 ||   467
Invok: Berserk           |       |     3 |     7 |    20 |     1 ||    31
  Use: Scroll            |     1 |     5 |    11 |    17 |     2 ||    36
       Potion            |       |       |       |     6 |     2 ||     8
  Eat: Chunk             |       |     7 |    15 |     7 |     1 ||    30
       Ration            |       |       |     2 |    11 |       ||    13
Armor: Scale mail        |    15 |    32 |    17 |       |       ||    64
       Animal skin       |     1 |       |       |       |       ||     1
       Plate armour      |       |       |    94 |   277 |    60 ||   431
Dodge: Dodged            |    48 |   104 |   163 |   358 |    75 ||   748
Block: Other             |       |       |    34 |    97 |    19 ||   150
       Reflection        |       |       |     4 |     5 |     1 ||    10
